 Dungeon Crawl Stone Soup version 0.32-a0-19-g28bc0835a1 (webtiles) character file.

Game seed: 15432663829346393457

28 Morbidden the Conjurer (level 3, -5/16 HPs)
             Began as a Vine Stalker Conjurer on Jan 17, 2024.
             Slain by Sigmund
             ... wielding a +0 scythe
              (8 damage)
             ... on level 2 of the Dungeon.
             The game lasted 00:02:14 (1392 turns).

Morbidden the Conjurer (Vine Stalker Conjurer)      Turns: 1392, Time: 00:02:15

Health: -5/16      AC:  2    Str:  9    XL:     3   Next: 14%
Magic:  0/7        EV: 11    Int: 20    God:
Gold:   65         SH:  3    Dex: 12    Spells: 5/6 levels left

rFire   . . .        a - +3 dagger
rCold   . . .        m - +0 buckler
rNeg    . . .        f - +0 robe
rPois   .            l - +0 hat
rElec   .            (no cloak)
rCorr   .            (no gloves)
SInv    .            (no boots)
Will    .....        (no amulet)
Stlth   ++           (no ring)
HPRegen 1.02/turn    (no ring)
MPRegen 0.10/turn

%: guardian spirit
@: no status effects
A: fangs 2, regeneration 1, magic shield, antimagic bite, no potion heal 2
a: no special abilities


You were on level 2 of the Dungeon.
You visited 1 branch of the dungeon, and saw 2 of its levels.

You collected 65 gold pieces.

Inventory:

Hand Weapons
 a - a +3 dagger (weapon)
 k - a +1 whip of electrocution
Armour
 f - a +0 robe (worn)
 l - a +0 hat (worn)
 m - a +0 buckler (worn)
 p - a +0 pair of gloves
Talismans
 o - a beast talisman
Scrolls
 c - a scroll of amnesia {unknown}
 h - 3 scrolls of teleportation {unknown}
 j - a scroll of fear {unknown}
 n - a scroll of enchant weapon {unknown}
Potions
 b - a potion of magic
 d - a potion of brilliance {unknown}
 e - 2 potions of cancellation {unknown}
 g - a potion of lignification {unknown}
 i - a potion of curing {unknown}


   Skills:
 * Level 0.2 Fighting
 * Level 0.5 Armour
 * Level 1.7 Dodging
 + Level 2.5 Stealth
 * Level 2.3 Spellcasting
 * Level 4.5 Conjurations
 * Level 0.3 Shapeshifting


You had 5 spell levels left.
You knew the following spells:

 Your Spells              Type           Power      Damage    Failure   Level
a - Magic Dart            Conj           80%        1d7       3%          1

Your spell library contained the following spells:

 Spells                   Type           Power      Damage    Failure   Level
 Searing Ray              Conj           40%        2d5       5%          2
 Fulminant Prism          Conj/Alch      5%         3d7       67%         4
 Iskenderun's Mystic Bla  Conj/Tloc      11%        2d4       67%         4


Dungeon Overview and Level Annotations

Branches:
Dungeon (2/15)

Altars:

Annotations:
D:2 Sigmund


Innate Abilities, Weirdness & Mutations

You have extremely sharp teeth.
Your natural rate of healing is unusually fast.
When hurt, damage is shared between your health and your magic reserves.
Your bite disrupts and absorbs the magic of your enemies.
Potions cannot restore your health.


Message History

Okay, then.
Okay, then.
The quokka attacks as it pursues you!
The quokka bites you but does no damage.
The quokka closely misses you.
The quokka twitches its whiskers.
The quokka attacks as it pursues you! The quokka misses you.
You see here a +0 flail.
The quokka attacks as it pursues you! The quokka barely misses you.
The quokka attacks as it pursues you! The quokka bites you.
A frilled lizard comes into view.
The quokka bites you.
Found 9 gold pieces.
The quokka attacks as it pursues you! The quokka closely misses you.
A ribbon worm comes into view.
The quokka bites you but does no damage.
The helpless frilled lizard fails to defend itself.
You puncture the frilled lizard!
You kill the frilled lizard!
The quokka barely misses you.
The ribbon worm expels a string of sticky webbing.
The stream of webbing misses you.
The stream of webbing hits the quokka but does no damage.
The quokka is caught in a web!
You see here a frilled lizard corpse.
You hit the ribbon worm.
The ribbon worm is lightly wounded.
The quokka tears the web.
The quokka bites you but does no damage.
The ribbon worm bites you!
Unknown command.
Something hits you. The quokka bites you.
* * * LOW HITPOINT WARNING * * *
Found a brightly glowing mace.
The ribbon worm bites you.
* * * LOW HITPOINT WARNING * * *
Unknown command.
The ribbon worm expels a string of sticky webbing.
The stream of webbing misses you. Something hits you!
Ouch! That really hurt!
You die...

#>....!## #.#
#........ #.#
##....... .)#
..........# ..# #.#
#.# ##.# #.# #.#
..####..# #$# #.#
#.......# #.# #.#
#.@####.########.#
..#...{r...........#
#....rw†g..........#
#########.#######.###
#....{)g.....
#########.### #.# #.#
##.##


You could see a ribbon worm (catching breath), 2 quokkas and a hobgoblin.

Vanquished Creatures
  A dart slug (D:1)
  An endoplasm (D:1)
  A giant cockroach (D:1)
  2 hobgoblins (D:1)
  3 quokkas (D:1)
  A ball python (D:1)
  2 bats (D:1)
  5 frilled lizards
  4 goblins
  3 kobolds (D:1)
  5 rats
28 creatures vanquished.

Notes
Turn   | Place    | Note
-------+----------+-------------------------------------------
     0 | D:1      | Morbidden the Vine Stalker Conjurer began the quest for the
                  | Orb.
     0 | D:1      | Reached XP level 1. HP: 9/9 MP: 4/4
   411 | D:1      | Reached XP level 2. HP: 13/13 MP: 1/6
  1165 | D:1      | Reached XP level 3. HP: 16/16 MP: 4/7
  1284 | D:2      | Noticed Sigmund
  1392 | D:2      | Slain by Sigmund

Illustrated notes

Levels and vault maps discovered:
D:1:      dpeg_arrival_rooms_c, layout_loops_ring, hangedman_feature_mirror,
          minmay_pentomino_t4
D:2:      layout_loops_ring, shapermc_ecumenical_altar_pompeii,
          minmay_close_crescents, uniq_sigmund

Action                     || total
---------------------------++-------
  Melee: Whip              ||     2
         Punch             ||     1
         Dagger            ||     9
         Bite              ||     3
   Cast: Magic Dart        ||    43
   Stab: Sleeping          ||     2
 Armour: Robe              ||    33
  Dodge: Dodged            ||    33
  Block: Buckler           ||     4

Table legend: (Time is in decaauts)
 A = Elapsed time spent in this place.
 B = Non-inter-level travel time spent in this place.
 C = Inter-level travel time spent in this place.
 D = Time resting spent in this place.
 E = Time spent auto-exploring this place.
 F = Levels seen in this place.
 G = Mean time per level.
                   A        B        C        D        E       F      G
               +--------+--------+--------+--------+--------+-----+--------+
         Total |   1389 |   1300 |     89 |    129 |    917 |   2 |  694.5 |
       Dungeon |   1389 |   1300 |     89 |    129 |    917 |   2 |  694.5 |
               +--------+--------+--------+--------+--------+-----+--------+

Top non-repeatable levels by time:
     D:1: 1244 daAuts
     D:2: 145 daAuts
